 Dungeon Crawl Stone Soup version 0.30.1-11-g7821555f0a (webtiles) character file.

Game seed: 4294668741472279859

107 CaptainMV the Conjurer (level 4, -2/60 HPs)
             Began as a Naga Wanderer on Nov 7, 2023.
             Was a Believer of Lugonu.
             Slain by an orc
             ... wielding a +0 flail
              (6 damage)
             ... on level 3 of the Dungeon.
             The game lasted 00:16:18 (1575 turns).

CaptainMV the Conjurer (Naga Wanderer)              Turns: 1575, Time: 00:16:19

Health: -2/60      AC:  4    Str: 13    XL:     4   Next: 86%
Magic:  5/5        EV: 10    Int: 14    God:    Lugonu [**....]
Gold:   157        SH:  0    Dex: 12    Spells: 4/5 levels left

rFire   . . .        a - +2 trident (flame)
rCold   . . .        (no shield)
rNeg    . . .        c - +0 leather armour
rPois   +            (no helmet)
rElec   .            n - scarf {shadows}
rCorr   .            d - +0 pair of gloves
SInv    +            (no barding)
Will    .....        (no amulet) Stlth
                     (no ring)
HPRegen 0.30/turn    (no ring)
MPRegen 0.09/turn

%: no passive effects
@: berserking, quick
A: AC +1, large, see invisible, deformed body, poison resistance, slowness 2,
spit poison 1, naga tail 1
a: Spit Poison, Renounce Religion, Depart the Abyss, Banish


You were on level 3 of the Dungeon.
You worshipped Lugonu.
Lugonu was pleased with you.
You visited 1 branch of the dungeon, and saw 3 of its levels.

You collected 157 gold pieces.

Inventory:

Hand Weapons
 a - a +2 trident of flaming (weapon)
 b - a +0 short sword
 l - a +0 whip
Missiles
 k - 4 javelins
 p - 3 boomerangs
 q - a throwing net
Armour
 c - a +0 leather armour (worn)
 d - a +0 pair of gloves (worn)
 n - a scarf of shadows (worn)
 u - a +0 kite shield
Magical Staves
 i - a staff of cold
Jewellery
 o - a ring of resist corrosion
Scrolls
 m - 2 scrolls of teleportation
 t - a scroll of identify
Potions
 e - a potion of lignification {unknown}
 f - a potion of degeneration {unknown}
 h - 3 potions of curing
 j - a potion of heal wounds {unknown}
 r - a potion of flight {unknown}
 s - a potion of attraction {unknown}
 v - a potion of magic {unknown}
 w - 2 potions of brilliance {unknown}


   Skills:
 + Level 2.7 Fighting
 + Level 0.4 Short Blades
 + Level 0.3 Maces & Flails
 + Level 1.7 Polearms
 + Level 1.2 Armour
 + Level 3.0 Dodging
 + Level 1.2 Stealth
 + Level 1.1 Spellcasting
 + Level 3.1 Conjurations
 + Level 1.0 Ice Magic


You had 4 spell levels left.
You knew the following spells:

 Your Spells              Type           Power      Damage    Failure   Level
a - Magic Dart            Conj           36%        1d4       9%          1

Your spell library contained the following spells:

 Spells                   Type           Power      Damage    Failure   Level
 Freeze                   Ice            12%        1d3       22%         1
 Momentum Strike          Conj/Tloc      10%        3d8       26%         2
 Mephitic Cloud           Conj/Pois/Air  3%         N/A       54%         3
 Ozocubu's Armour         Ice            3%         N/A       54%         3


Dungeon Overview and Level Annotations

Branches:
Dungeon (3/15)

Altars:
Lugonu


Innate Abilities, Weirdness & Mutations

Your serpentine skin is tough. (AC +1)
You have supernaturally acute eyesight. (SInv)
Armour fits poorly on your strangely shaped body.
Your system is resistant to poisons. (rPois)
You cover ground very slowly.
You can spit poison.
You have a snake-like lower body.


Message History

You closely miss the orc. The orc barely misses you.
Reach: a) +2 trident (flame)
Press: ? - help, Dir - move target, f/p - orc
Aim: an orc, wielding a +0 whip (about 41% to evade your +2 trident of flaming)
You barely miss the orc.
An orc wizard comes into view. It is wielding a +0 dagger.
The orc hits you with a +0 whip.
Reach: a) +2 trident (flame)
Press: ? - help, Dir - move target, f/p - orc
Aim: an orc, wielding a +0 whip (about 41% to evade your +2 trident of flaming)
The orc wizard shouts!
You hit the orc. You burn the orc.
The orc is moderately wounded.
The orc hits you with a +0 whip.
* * * LOW HITPOINT WARNING * * *
The orc barely misses you.
A red film seems to cover your vision as you go berserk!
You feel yourself moving faster!
You feel mighty! The orc hits you with a +0 whip.
* * * LOW HITPOINT WARNING * * *
Unknown command.
Unknown command.
You puncture the orc! You burn the orc.
You kill the orc!
Lugonu accepts your kill.
An orc comes into view. It is wielding a +0 flail.
The orc shouts!
You barely miss the orc wizard. The orc wizard closely misses you.
You closely miss the orc wizard.
The orc wizard gestures at you while chanting.
The puff of flame hits you!
* * * LOW HITPOINT WARNING * * *
Unknown command.
You barely miss the orc wizard. The orc wizard closely misses you.
You barely miss the orc wizard. You closely miss the orc wizard.
You hit the orc wizard. You burn the orc wizard.
The orc wizard is severely wounded.
The orc wizard closely misses you. The orc hits you with a +0 flail.
You die...

#.# #.# ##...###.
#.# #.###.#.#.##.
#.###.##.##.##.#.
##.....).....#
.#.
#....).......# #.
#.####.###.#.# #.
#.####.# ##...#
#. ######o..##.#
#.## #.
.....o@..##.# .#
#. ######...##.#
# #. #..###.# ##.
#..# #.. #..# #.#
#... #.# ##.# #.#
#.# #.#


You could see an orc wizard and an orc.

Vanquished Creatures
  An orc priest (D:3)
  2 adders (D:3)
  2 dart slugs (D:1)
  7 orcs (D:3)
  2 bats
  4 endoplasms
  4 giant cockroaches
  3 goblins
  2 hobgoblins (D:1)
  3 kobolds
  4 quokkas
  8 ball pythons
  4 frilled lizards
  4 rats
50 creatures vanquished.

Notes
Turn   | Place    | Note
-------+----------+-------------------------------------------
     0 | D:1      | CaptainMV the Naga Wanderer began the quest for the Orb.
     0 | D:1      | CaptainMV set off with the following items: a +0 club, a
                  | potion of berserk rage, a +0 leather armour, a +0 pair of
                  | gloves; and the following spells available to memorise:
                  | Magic Dart, Freeze, Momentum Strike, Mephitic Cloud,
                  | Ozocubu's Armour.
     0 | D:1      | Reached XP level 1. HP: 19/19 MP: 2/2
    36 | D:1      | Learned a level 1 spell: Magic Dart
   171 | D:1      | Reached XP level 2. HP: 24/26 MP: 0/3
   348 | D:1      | Found a faded altar of an unknown god.
   370 | D:1      | Prayed at the altar of an unknown god.
   370 | D:1      | Became a worshipper of Lugonu the Unformed
   370 | D:1      | Reached * piety under Lugonu
   462 | D:1      | Reached XP level 3. HP: 21/33 MP: 0/4
  1339 | D:3      | Reached skill level 1 in Stealth
  1412 | D:3      | Reached XP level 4. HP: 36/40 MP: 5/5
  1457 | D:3      | Reached skill level 1 in Polearms
  1457 | D:3      | Reached skill level 1 in Armour
  1518 | D:3      | Reached ** piety under Lugonu
  1571 | D:3      | HP: 3/60 [orc wizard/puff of flame (13)]
  1575 | D:3      | Slain by an orc

Illustrated notes

Levels and vault maps discovered:
D:1:      mushboom_english_gardens, layout_loops_ring,
          ebering_ecumenical_altar_abandoned, minmay_tetromino_s2
D:2:      layout_basic, skrybe_limestone_x
D:3:      layout_loops_ring, uniq_sigmund

Skill      XL: |  1  2  3  4 |
---------------+-------------+-----
Stealth        | 1 |  1.2
Polearms       | 1 |  1.7
Armour         | 1 |  1.2
Dodging        | 3 |  3.0
Fighting       | |  2.7
Short Blades   | |  0.4
Maces & Flails | |  0.3
Spellcasting   | |  1.1
Conjurations   | |  3.1
Ice Magic      | |  1.0

Action                     |  1- 3 |  4- 6 || total
---------------------------+-------+-------++-------
  Melee: Whip              |     7 |       ||     7
         Short sword       |     9 |       ||     9
         Trident           |    50 |    30 ||    80
   Cast: Magic Dart        |    36 |     9 ||    45
Ability: Spit Poison       |     7 |       ||     7
    Use: Scroll            |     9 |     1 ||    10
         Potion            |       |     1 ||     1
 Armour: Leather armour    |    20 |     1 ||    21
  Dodge: Dodged            |    41 |    17 ||    58
